 Dungeon Crawl Stone Soup version 0.22.1-1-ga44c0e56f4 (webtiles) character file.

693 Inquisition the Charmwright (level 7, 0/51 HPs)
             Began as a Vampire Skald on Oct 1, 2018.
             Was a Follower of Qazlal.
             Splashed by Ijyb's acid (14 damage)
             ... on level 5 of the Dungeon on Oct 2, 2018.
             The game lasted 01:46:45 (6853 turns).

Inquisition the Charmwright (Vampire Skald)         Turns: 6853, Time: 01:46:45

Health: 0/51       AC: 10    Str: 12    XL:     7   Next: 37%
Magic:  8/11       EV: 12    Int: 20    God:    Qazlal [*.....]
Gold:   241        SH:  1    Dex: 14    Spells: 6/11 levels left

rFire    . . .     SeeInvis +   O - +5 long sword of Wyrd {slice, Int+2}
rCold    . . .     Gourm    .   (no shield)
rNeg     + . .     Faith    .   j - +3 ring mail of the Princess {MR+}
rPois    .         Spirit   .   I - +0 helmet
rElec    .         Reflect  .   (no cloak)
rCorr    .         Harm     .   y - +0 pair of gloves
MR       +....                  (no boots)
Stlth    ++........             (no amulet)
HPRegen  0.17/turn              z - ring of see invisible
MPRegen  0.12/turn              G - +3 ring of intelligence

@: shrouded, infused
A: fangs 3, see invisible, unbreathing
a: Bat Form, Renounce Religion


You were on level 5 of the Dungeon.
You worshipped Qazlal.
Qazlal was aware of your devotion.
You were not thirsty.

You visited 2 branches of the dungeon, and saw 6 of its levels.

You collected 241 gold pieces.

Inventory:

Hand Weapons
 k - a +0 hunting sling
 l - a +0 hunting sling
 o - a +0 dagger of speed
 s - a +3 mace of crushing
 t - a +1 hand axe of chopping
 v - a +1 short sword of venom
 B - a +3 hand axe
 C - a +0 spear
 D - a +0 halberd
 E - a +0 trident
 F - a +0 club
 M - a +1 mace of protection
 N - a +0 arbalest
 O - the +5 long sword of Wyrd (weapon) {slice, Int+2}
   (You found it on level 4 of the Dungeon)

   It inflicts extra damage upon your enemies.
   It affects your intelligence (+2).
Missiles
 f - 158 stones (quivered)
 i - 91 sling bullets
 m - 64 bolts
 n - 97 arrows
Armour
 a - the +4 skin of Zhor {rC+++}
   (You found it on level 4 of the Dungeon)

   It renders you almost immune to cold.
 b - a +0 leather armour
 j - the +3 ring mail of the Princess (worn) {MR+}
   (You found it on level 4 of the Dungeon)

   It affects your resistance to hostile enchantments.
 p - a +0 ring mail
 u - a +0 scale mail
 y - a +0 pair of gloves (worn)
 I - a +0 helmet (worn)
Magical Staves
 e - an uncursed staff of fire
Jewellery
 z - a ring of see invisible (left hand)
 G - a +3 ring of intelligence (right hand)
Scrolls
 c - 2 scrolls of identify
 h - a scroll of fog
 q - 2 scrolls of amnesia
 w - 3 scrolls of teleportation
 A - a scroll of enchant armour {unknown}
 J - a scroll of blinking
Potions
 d - 9 potions of blood
 r - a potion of curing
 x - a potion of brilliance {unknown}
 H - a potion of degeneration {unknown}
Comestibles
 g - 6 rations


   Skills:
 + Level 2.6 Fighting
 * Level 1.9 Long Blades
 - Level 1.5 Maces & Flails
 - Level 2.3 Polearms
 + Level 1.0 Armour
 * Level 4.1 Dodging
 - Level 3.7 Stealth
 * Level 2.9 Unarmed Combat
 + Level 2.7 Spellcasting
 + Level 5.1 Charms
 + Level 1.1 Invocations


You had 6 spell levels left.
You knew the following spells:

 Your Spells              Type           Power        Failure   Level  Hunger
a - Infusion              Chrm           ###.         4%          1    None
b - Shroud of Golubria    Chrm/Tloc      ##........   19%         2    ##.....
c - Song of Slaying       Chrm           ###.....     6%          2    ##.....

Your spell library contained the following spells:

 Spells                   Type           Power        Failure   Level  Hunger
 Regeneration             Chrm/Necr      ##........   34%         3    ###....
 Spectral Weapon          Hex/Chrm       ##......     34%         3    ###....


Dungeon Overview and Level Annotations

Branches:
Dungeon (5/15)             Temple (1/1) D:5

Altars:
Ashenzari
Elyvilon
Hepliaklqana
Nemelex Xobeh
Qazlal
Uskayaw
Wu Jian
Zin

Shops:
D:4 (

Annotations:
D:5 Ijyb


Innate Abilities, Weirdness & Mutations

You have razor-sharp teeth.
You have supernaturally acute eyesight. (SInv)
You can survive without breathing.


Message History

G - a +3 ring of intelligence (right hand)
Your magical infusion is running out.
Magic restored.
g - 6 rations (gained 1)
You are no longer magically infusing your attacks.
H - an inky potion Ijyb the Twisted Goblin comes into view.
She is wielding a club.
Ijyb shouts!
Casting: Infusion (safe; 4% risk of failure)
Confirm with . or Enter, or press ? or * to list all spells.
Space distorts slightly along a thin shroud covering your body.
Casting: Shroud of Golubria (safe; 19% risk of failure)
Confirm with . or Enter, or press ? or * to list all spells.
You begin infusing your attacks with magical energy.
Ijyb zaps a wand.
The bolt of acid hits you!
You are splashed with acid!
The acid burns!
It is a wand of acid (3).
You barely miss Ijyb.
Ijyb zaps a wand.
The bolt of acid hits you!
* * * LOW HITPOINT WARNING * * *
You are splashed with acid!
The acid burns!
You die...

##... ##...#
#... ....#
######### ..#
#.# #.# # #.#
# #g# # #@# ##
#.# .# #.# .#
#.# .# #.# .#
#.# .# #.# .#
#######.######
.#
.............#


You could see Ijyb.

Vanquished Creatures
  A sky beast (D:5)
  A hound (D:5)
  3 orc priests
  A bullfrog skeleton (D:5)
  2 iguanas
  An orc wizard (D:3)
  3 worker ants (D:4)
  13 adders
  7 gnolls
  2 oozes (D:4)
  2 worms (D:2)
  5 dart slugs
  5 leopard geckos
  18 orcs
  2 giant cockroaches
  5 hobgoblins
  7 kobolds
  4 quokkas
  8 bats
  2 frilled lizards (D:2)
  8 goblins
  7 rats
107 creatures vanquished.

Notes
Turn   | Place    | Note
-------+----------+-------------------------------------------
     0 | D:1      | Inquisition the Vampire Skald began the quest for the Orb.
     0 | D:1      | Reached XP level 1. HP: 16/16 MP: 3/3
   348 | D:1      | Reached XP level 2. HP: 19/22 MP: 0/5
   527 | D:1      | Learned a level 2 spell: Shroud of Golubria
   530 | D:1      | Learned a level 2 spell: Song of Slaying
   669 | D:2      | Reached skill level 1 in Stealth
   765 | D:2      | Reached XP level 3. HP: 14/27 MP: 0/6
  1014 | D:2      | Reached skill level 4 in Charms
  1242 | D:2      | Found a hazy altar of Hepliaklqana.
  1332 | D:2      | HP: 1/27 [bat (1)]
  2070 | D:2      | Reached XP level 4. HP: 31/33 MP: 0/7
  2212 | D:2      | Reached skill level 1 in Unarmed Combat
  2799 | D:3      | Reached XP level 5. HP: 10/38 MP: 3/8
  3922 | D:3      | Found a stormy altar of Qazlal.
  3923 | D:3      | Found a sparkling altar of Nemelex Xobeh.
  3932 | D:3      | Became a worshipper of Qazlal Stormbringer
  4026 | D:3      | Reached skill level 1 in Maces & Flails
  4030 | D:3      | Reached XP level 6. HP: 29/45 MP: 1/9
  4901 | D:4      | Found a shattered altar of Ashenzari.
  5106 | D:4      | Got an iridescent long sword
  5118 | D:4      | Identified the +5 long sword of Wyrd {slice, Int+2} (You
                  | found it on level 4 of the Dungeon)
  5141 | D:4      | Found the +4 skin of Zhor {rC+++}
  5617 | D:4      | Got a faintly humming ring mail
  5630 | D:4      | Identified the +3 ring mail of the Princess {MR+} (You
                  | found it on level 4 of the Dungeon)
  5759 | D:4      | Found Geegg's Weapon Shoppe.
  5884 | D:5      | Entered Level 5 of the Dungeon
  5974 | D:5      | Noticed a sky beast
  5981 | D:5      | Killed a sky beast
  5981 | D:5      | Reached skill level 1 in Long Blades
  5981 | D:5      | Reached skill level 5 in Charms
  5981 | D:5      | Reached skill level 1 in Invocations
  5981 | D:5      | Reached XP level 7. HP: 40/51 MP: 4/10
  6050 | D:5      | Found a staircase to the Ecumenical Temple.
  6067 | Temple   | Entered the Ecumenical Temple
  6359 | D:5      | Reached * piety under Qazlal
  6590 | D:5      | Reached skill level 1 in Armour
  6848 | D:5      | Noticed Ijyb
  6853 | D:5      | Splashed by Ijyb's acid

Skill      XL: |  1  2  3  4  5  6  7 |
---------------+----------------------+-----
Stealth        | 1 2 3 |  3.7
Fighting       | 2 |  2.6
Charms         | 4 5 |  5.1
Polearms       | 2 |  2.3
Dodging        | 3 4 |  4.1
Unarmed Combat | 1 2 |  2.9
Maces & Flails | 1 |  1.5
Long Blades    | 1 |  1.9
Invocations    | 1 |  1.1
Armour         | 1 |  1.0
Spellcasting   | |  2.7

Action                   |  1- 3 |  4- 6 |  7- 9 || total
-------------------------+-------+-------+-------++-------
Melee: Spear             |   107 |    15 |       ||   122
       Bite              |    11 |    18 |     3 ||    32
       Unarmed           |    41 |       |       ||    41
       Mace              |       |   123 |       ||   123
       Hand axe          |       |    33 |       ||    33
       Long sword        |       |    16 |    28 ||    44
 Fire: Hunting sling     |       |    16 |       ||    16
 Cast: Infusion          |    17 |    32 |     6 ||    55
       Shroud of Golubri |     5 |    13 |     4 ||    22
       Song of Slaying   |     1 |     6 |     2 ||     9
 Abil: End Transformatio |     1 |       |       ||     1
       Bat Form          |     1 |       |       ||     1
  Use: Scroll            |     7 |     5 |     1 ||    13
       Potion            |     5 |    16 |     3 ||    24
 Stab: Sleeping          |     1 |     1 |       ||     2
Armor: Leather armour    |    23 |       |       ||    23
       Ring mail         |     6 |    86 |     8 ||   100
       Animal skin       |       |     8 |       ||     8
Dodge: Dodged            |   127 |   140 |    19 ||   286
Block: Other             |       |       |     1 ||     1
       Rpst.: Long sword |       |     1 |     4 ||     5
